Map: Frozen Temple

Players

ShoWTimE - Winner!

  • Race: Protoss Protoss

Cyan

  • Race: Protoss Protoss

Event: WCS Copa Intercontinental

VOD

Have the link to the VOD?

Description

Time

  • Played on: Sept. 10, 2016, 7:24 p.m.
  • Length: 16:28

All games in this series

Show
View Real Time Build Order
Export as new Build Order

ShoWTimE Protoss - Winner!

Build Orders:  

Get SALT Encoding   

  12  0:01  Probe (Chrono Boost)  
  13  0:11  Probe (Chrono Boost)  
  14  0:17  Pylon  
  14  0:22  Probe (Chrono Boost)  
  16  0:36  Gateway, Probe (Chrono Boost)  
  16  0:42  Assimilator  
  16  0:46  Probe (Chrono Boost)  
  17  0:52  Assimilator  
  17  0:57  Probe (Chrono Boost)  
  18  1:04  Gateway  
  18  1:07  Probe (Chrono Boost)  
  19  1:18  Probe (Chrono Boost)  
  20  1:23  Cybernetics Core  
  20  1:28  Probe (Chrono Boost)  
  21  1:33  Pylon  
  21  1:39  Probe (Chrono Boost)  
  22  1:49  Probe (Chrono Boost)  
  22  1:50  Warp Gate  
  23  1:57  Adept  
  23  1:58  Adept  
  29  2:04  Mothership Core (Chrono Boost)  
  29  2:09  Pylon  
  29  2:24  Adept  
  29  2:27  Adept  
  33  2:49  Nexus  
  33  3:06  Robotics Facility  
  33  3:18  Probe (Chrono Boost)  
  34  3:22  Pylon  
  34  3:25  Gateway  
  32  3:30  Probe (Chrono Boost)  
  33  3:43  Probe (Chrono Boost)  
  34  3:49  Immortal  
  37  3:55  Probe (Chrono Boost)  
  37  3:57  Sentry x2  
  37  4:01  Probe (Chrono Boost)  
  43  4:10  Probe (Chrono Boost)  
  43  4:12  Probe (Chrono Boost)  
  44  4:21  Adept x2  
  44  4:22  Sentry, Probe (Chrono Boost)  
  44  4:24  Probe (Chrono Boost)  
  52  4:30  Warp Prism  
  52  4:35  Probe (Chrono Boost)  
  56  4:48  Stalker x2  
  58  4:57  Stalker  
  60  5:00  Pylon  
  60  5:04  Probe (Chrono Boost)  
  60  5:06  Probe (Chrono Boost)  
  62  5:09  Twilight Council  
  58  5:15  Probe (Chrono Boost)  
  58  5:17  Assimilator  
  58  5:20  Assimilator  
  58  5:21  Probe (Chrono Boost)  
  58  5:24  Adept  
  58  5:25  Probe (Chrono Boost)  
  62  5:30  Immortal  
  66  5:37  Sentry  
  66  5:40  Pylon  
  67  5:44  Adept  
  69  5:53  Pylon  
  69  6:02  Dark Shrine, Adept x2  
  73  6:05  Probe (Chrono Boost)  
  73  6:06  Probe (Chrono Boost)  
  73  6:08  Pylon  
  75  6:23  Adept  
  77  6:26  Pylon  
  77  6:30  Pylon  
  77  6:35  Resonating Glaives  
  77  6:39  Immortal  
  75  6:46  Probe (Chrono Boost)  
  79  6:48  Pylon, Probe (Chrono Boost)  
  79  6:51  Adept x2  
  83  7:03  Probe (Chrono Boost)  
  83  7:04  Probe (Chrono Boost)  
  85  7:10  Forge  
  85  7:17  Dark Templar x2  
  85  7:18  Dark Templar, Observer  
  92  7:32  Gateway  
  92  7:33  Gateway  
  92  7:41  Protoss Ground Weapons Level 1  
  90  7:51  Gateway  
  90  7:52  Gateway  
  90  7:57  Pylon  
  90  8:04  Adept x3  
  95  8:13  Pylon  
  95  8:15  Pylon  
  95  8:22  Photon Cannon  
  95  8:29  Nexus  
  95  8:32  Pylon  
  94  8:51  Immortal  
  94  8:53  Templar Archives  
  94  8:55  Probe (Chrono Boost)  
  100  8:56  Probe (Chrono Boost)  
  100  9:02  Adept x4  
  106  9:08  Photon Cannon  
  108  9:12  Probe x2 (Chrono Boost)  
  110  9:23  Probe (Chrono Boost), Protoss Ground Weapons Level 2  
  112  9:25  Probe (Chrono Boost)  
  112  9:27  Adept x3  
  114  9:33  Probe (Chrono Boost)  
  114  9:37  Probe (Chrono Boost)  
  113  9:45  Archon  
  113  9:48  Probe x2 (Chrono Boost)  
  113  9:49  Probe (Chrono Boost)  
  113  9:52  High Templar x2  
  120  9:55  High Templar  
  120  9:56  Archon  
  120  9:57  High Templar  
  124  10:03  Pylon  
  124  10:05  Archon  
  124  10:07  Probe x2 (Chrono Boost)  
  126  10:10  Probe (Chrono Boost)  
  127  10:18  Robotics Bay  
  125  10:22  Pylon, High Templar x2  
  125  10:25  Pylon  
  125  10:27  Archon  
  129  10:30  Pylon  
  129  10:36  High Templar x2  
  129  10:39  Pylon  
  129  10:41  Archon  
  133  10:43  Adept x2  
  133  10:44  Probe (Chrono Boost)  
  133  10:46  Probe (Chrono Boost)  
  143  11:01  Adept x3  
  132  11:04  Adept  
  132  11:10  Adept x2  
  136  11:12  Disruptor  
  136  11:17  Adept  
  111  11:22  Adept x3  
  103  11:30  Adept  
  78  11:35  Adept x2  
  61  11:42  Probe (Chrono Boost)  
  61  11:43  Probe (Chrono Boost)  
  61  11:44  Probe (Chrono Boost)  
  61  11:53  Probe x2 (Chrono Boost)  
  63  11:55  Disruptor  
  63  11:56  Probe (Chrono Boost)  
  67  12:03  Probe (Chrono Boost)  
  67  12:04  Probe (Chrono Boost)  
  67  12:08  Probe (Chrono Boost)  
  70  12:14  Probe x2 (Chrono Boost), High Templar x2  
  76  12:19  Archon  
  76  12:20  Probe (Chrono Boost)  
  77  12:24  Probe (Chrono Boost)  
  77  12:25  Probe (Chrono Boost)  
  77  12:28  Disruptor  
  77  12:30  Adept x2  
  77  12:31  Adept  
  86  12:40  Assimilator  
  86  12:43  Assimilator  
  84  12:47  Adept x2  
  88  12:52  Adept  
  90  12:59  High Templar x2  
  90  13:03  Archon  
  90  13:04  Adept x2  
  95  13:13  Probe (Chrono Boost)  
  95  13:14  Probe (Chrono Boost)  
  95  13:15  Probe (Chrono Boost)  
  98  13:20  Adept x3  
  98  13:23  Disruptor  
  104  13:28  Pylon  
  107  13:37  High Templar x2  
  107  13:40  Adept  
  109  13:45  Archon  
  109  13:46  Adept  
  109  13:47  Adept  
  113  13:50  Pylon  
  113  13:54  Adept  
  115  14:08  Disruptor  
  108  14:14  Adept x3  
  117  14:18  Photon Cannon  
  117  14:20  Dark Templar  
  119  14:35  Adept x2  
  123  14:39  Warp Prism  
  123  14:44  High Templar x2  
  129  14:48  Archon  
  129  14:50  Adept x2  
  133  15:08  Stalker x3  
  139  15:17  Adept x4  
  147  15:32  Adept x3  
  147  15:35  Observer  
  144  15:54  Adept x3  
  119  15:59  Adept  
  119  16:01  Observer, Adept  
Show
View Real Time Build Order
Export as new Build Order

Cyan Protoss 

Build Orders:  

Get SALT Encoding   

  12  0:00  Probe (Chrono Boost)  
  13  0:11  Probe (Chrono Boost)  
  14  0:18  Pylon  
  14  0:22  Probe (Chrono Boost)  
  15  0:36  Gateway, Probe (Chrono Boost)  
  15  0:42  Assimilator  
  16  0:46  Probe (Chrono Boost)  
  17  0:51  Assimilator  
  18  0:57  Probe (Chrono Boost)  
  18  1:07  Probe (Chrono Boost)  
  18  1:09  Gateway  
  19  1:18  Probe (Chrono Boost)  
  20  1:23  Cybernetics Core  
  20  1:29  Probe (Chrono Boost)  
  20  1:32  Pylon  
  21  1:39  Probe (Chrono Boost)  
  22  1:47  Warp Gate  
  22  1:50  Probe (Chrono Boost)  
  23  1:59  Adept x2  
  27  2:03  Mothership Core (Chrono Boost)  
  29  2:12  Pylon  
  30  2:22  Probe (Chrono Boost)  
  30  2:30  Adept x2  
  30  2:35  Probe (Chrono Boost)  
  35  2:39  Pylon  
  35  2:47  Probe (Chrono Boost)  
  37  2:59  Probe (Chrono Boost)  
  37  3:11  Probe (Chrono Boost)  
  38  3:15  Nexus  
  38  3:23  Probe (Chrono Boost)  
  39  3:28  Robotics Facility  
  39  3:35  Probe (Chrono Boost)  
  39  3:37  Pylon  
  40  3:46  Probe (Chrono Boost)  
  40  3:53  Gateway  
  40  3:56  Sentry, Probe (Chrono Boost)  
  40  3:57  Sentry  
  45  4:07  Probe (Chrono Boost)  
  46  4:12  Immortal  
  46  4:19  Probe (Chrono Boost)  
  51  4:26  Sentry  
  51  4:27  Sentry  
  51  4:29  Probe (Chrono Boost)  
  57  4:31  Probe (Chrono Boost)  
  57  4:39  Probe (Chrono Boost)  
  58  4:46  Pylon, Warp Prism  
  58  4:47  Probe (Chrono Boost)  
  61  4:54  Probe (Chrono Boost)  
  61  4:58  Stalker  
  61  4:59  Stalker  
  62  5:03  Stalker  
  62  5:07  Probe x2 (Chrono Boost)  
  66  5:18  Probe (Chrono Boost)  
  66  5:19  Forge  
  66  5:20  Probe (Chrono Boost)  
  68  5:21  Twilight Council  
  68  5:24  Observer  
  69  5:28  Stalker  
  69  5:29  Probe (Chrono Boost)  
  69  5:31  Stalker  
  69  5:35  Probe (Chrono Boost)  
  75  5:38  Assimilator  
  75  5:40  Assimilator  
  75  5:41  Probe (Chrono Boost)  
  76  5:42  Observer  
  76  5:47  Probe (Chrono Boost)  
  76  5:48  Pylon, Protoss Ground Weapons Level 1  
  78  5:53  Pylon  
  78  6:06  Resonating Glaives  
  78  6:07  Adept x3  
  78  6:08  Probe x2 (Chrono Boost)  
  86  6:20  Probe (Chrono Boost)  
  83  6:27  Adept x3  
  83  6:31  Gateway  
  89  6:36  Immortal  
  89  6:51  Gateway x2  
  89  6:58  Adept x2  
  93  7:04  Pylon  
  93  7:07  Pylon  
  93  7:11  Templar Archives  
  93  7:16  Gateway  
  93  7:18  Pylon  
  97  7:27  Adept x3  
  103  7:30  Pylon  
  102  7:40  Immortal, Protoss Ground Weapons Level 2  
  97  7:48  Pylon  
  97  7:51  Pylon x2  
  96  8:08  Probe x2 (Chrono Boost)  
  96  8:12  High Templar x2  
  100  8:13  Adept x2  
  100  8:17  Observer  
  100  8:19  Archon  
  101  8:20  Adept x2  
  101  8:24  Adept  
  107  8:40  Nexus  
  107  8:42  Photon Cannon  
  107  8:43  Pylon  
  107  8:47  Nexus  
  108  8:56  Immortal  
  108  8:58  High Templar  
  108  8:59  High Templar  
  115  9:04  Archon, Adept  
  115  9:07  Adept  
  119  9:13  Adept  
  121  9:21  Adept x2  
  127  9:25  Probe (Chrono Boost)  
  127  9:26  Probe (Chrono Boost)  
  119  9:43  Pylon, High Templar x2  
  123  9:47  Adept x2  
  123  9:48  Archon  
  123  9:51  Photon Cannon  
  127  9:56  Probe (Chrono Boost)  
  127  9:57  Adept  
  131  10:01  Probe (Chrono Boost)  
  131  10:03  Adept x2  
  135  10:10  Adept x2  
  142  10:14  Probe (Chrono Boost)  
  142  10:15  Probe x2 (Chrono Boost)  
  142  10:30  High Templar x2  
  142  10:34  Photon Cannon  
  146  10:36  Archon, Adept x2  
  146  10:38  Adept  
  146  10:40  Adept  
  154  10:44  Adept  
  152  11:02  Adept  
  152  11:03  Adept x4  
  140  11:08  Adept  
  140  11:09  Adept  
  113  11:23  Adept x4  
  113  11:24  Adept  
  103  11:26  Adept  
  103  11:29  Adept  
  69  11:41  Immortal  
  73  11:48  Adept x2  
  73  11:51  Adept  
  73  11:52  Adept x3  
  73  11:53  Adept  
  83  11:58  Assimilator  
  83  12:00  Assimilator, Probe (Chrono Boost)  
  85  12:01  Probe (Chrono Boost)  
  85  12:06  Sentry x2  
  89  12:11  Pylon  
  89  12:14  Pylon  
  89  12:18  Adept x3  
  89  12:19  Adept  
  97  12:27  Immortal  
  95  12:45  High Templar, Protoss Ground Weapons Level 3, Adept x2  
  95  12:46  Adept x2  
  95  12:50  High Templar  
  103  12:56  Adept  
  103  12:58  Archon  
  105  13:04  Adept  
  107  13:05  Warp Prism  
  107  13:15  Adept x3  
  111  13:23  Adept x3  
  115  13:27  Adept  
  117  13:43  High Templar x2  
  117  13:44  Adept x3  
  117  13:48  Archon, Adept  
  129  13:54  Adept  
  104  14:16  High Templar x2  
  102  14:17  Adept x5  
  102  14:21  Archon  
  112  14:36  Adept x2  
  116  14:42  Adept x3  
  122  14:49  Robotics Bay  
  122  14:57  Adept x4  
  129  15:10  Adept x2  
  133  15:17  Adept  
  133  15:18  Adept x3  
  139  15:35  Adept x4  
  119  15:52  Adept x4  
  81  16:03  Adept  
  81  16:04  Adept x2  
Tags
 
Add a new tag
Caveats
  • Supply blocks, unpowered buildings, or Contaminate may cause inaccurate times.
  • Supply counts are checked every 10 seconds.